AoeStats
← Steffels

Arabia

508053095Analyzed
1v1 RM · 11d ago on Sep 20, 2026· 25m 45s· 2 players
Game mode
Random Map
Map size
Tiny (2 player)
Population
200
Speed
Normal
Resources
Standard
Victory
Conquest
Starting age
Dark Age
Ending age
Imperial Age
RankedLock teamsTeams togetherTeam positionsShared explorationLock speedFull tech treeHidden civsTurbo modeCheats
Victory
Defeat
🇧🇪 Turks · Belgium
1039
+22
🇦🇷 Burgundians · Argentina
1005
-14
Invasor de pastas
3:07 Loom
10:29 Feudal Age
9:49 Double-Bit Axe
11:02 Horse Collar
12:22 Heavy Plow
22:33 Castle Age
21:18 Gold Mining
23:17 Cavalier
24:05 Scale Barding Armor
24:11 Forging
Steffels
7:03 Loom
10:00 Feudal Age
10:33 Double-Bit Axe
10:32 Horse Collar
20:31 Castle Age
18:40 Gold Mining
19:34 Bloodlines
20:46 Wheelbarrow
20:45 Fletching
21:01 Scale Barding Armor
23:07 Chain Barding Armor
24:16 Bow Saw
24:57 Forging
Connection lost

Rejoining the realm…

Still unreachable

The connection could not be restored.

Session expired

The server has moved on; the page needs a fresh start.